 Dungeon Crawl Stone Soup version 0.25.1-8-g42b30a86e7 (webtiles) character file.

Game seed: 797479346008903317

74 Clowwww the Skirmisher (level 4, 32/35 HPs)
             Began as a Demonspawn Fighter on Dec 6, 2020.
             Quit the game on level 3 of the Dungeon on Dec 7, 2020.
             The game lasted 00:03:51 (1962 turns).

Clowwww the Skirmisher (Demonspawn Fighter)         Turns: 1962, Time: 00:03:52

Health: 32/35      AC:  7    Str: 18    XL:     4   Next: 9%
Magic:  4/4        EV:  7    Int:  9    God:
Gold:   93         SH:  9    Dex: 12    Spells: 3/3 levels left

rFire    . . .     SeeInvis .   a - +0 war axe
rCold    . . .     Gourm    .   c - +0 kite shield
rNeg     . . .     Faith    .   b - +0 scale mail
rPois    .         Spirit   .   (no helmet)
rElec    .         Reflect  .   h - +0 cloak
rCorr    .         Harm     .   (no gloves)
MR       .....                  (no boots)
Stlth    ..........             (no amulet)
HPRegen  0.11/turn              (no ring)
MPRegen  0.09/turn              (no ring)

@: no status effects
A: hooves 1, demonic guardian 1
a: no special abilities


You were on level 3 of the Dungeon.
You were not hungry.

You visited 1 branch of the dungeon, and saw 3 of its levels.

You collected 93 gold pieces.

Inventory:

Hand Weapons
 a - a +0 war axe (weapon)
Missiles
 s - 4 javelins (quivered)
Armour
 b - a +0 scale mail (worn)
 c - a +0 kite shield (worn)
 h - a +0 cloak (worn)
Jewellery
 g - a +4 ring of protection {unknown}
 j - an uncursed ring of flight {unknown}
Scrolls
 i - 3 scrolls of identify {unknown}
 k - a scroll of blinking {unknown}
 l - 2 scrolls of remove curse {unknown}
 m - 3 scrolls of enchant armour {unknown}
 o - a scroll of immolation {unknown}
 q - a scroll of fog {unknown}
 t - a scroll of enchant weapon {unknown}
 u - a scroll of amnesia {unknown}
 v - a scroll of fear {unknown}
Potions
 d - 3 potions of might
 e - a potion of haste {unknown}
 n - 3 potions of lignification {unknown}
 p - a potion of brilliance {unknown}
 r - a potion of cancellation {unknown}
Comestibles
 f - 8 rations
 w - a chunk of flesh


   Skills:
 + Level 3.2 Fighting
 + Level 2.7 Axes
 + Level 3.1 Armour
 + Level 1.3 Dodging
 + Level 3.0 Shields


You had 3 spell levels left.
You didn't know any spells.
Your spell library was empty.

Dungeon Overview and Level Annotations

Branches:
Dungeon (3/15)

Altars:
Hepliaklqana
Ru


Innate Abilities, Weirdness & Mutations

You have large cloven feet.
A weak demonic guardian rushes to your aid.


Message History

You barely miss the adder.
The adder is almost dead.
You block the adder's attack.
You hit the adder but do no damage.
The adder is almost dead.
The adder bites you but does no damage. You block the adder's attack.
You miss the adder.
The adder is almost dead.
You hit the adder. You block the adder's attack. The adder barely misses you.
You block the adder's attack. The adder bites you but does no damage.
You hit the adder.
You kill the adder!
You have reached level 4!
You feel stronger.
Your demonic ancestry asserts itself...
Your feet thicken and deform.
You hit the adder but do no damage. You block the adder's attack.
The adder bites you but does no damage.
Quiver which item? (- for none, * to show all) (? for menu, Esc to quit)
Okay, then.
Are you sure you want to abandon this character and quit the game? (Confirm with "yes".)

.. ... ##
#... #_##
..# ...8 ..o
....
#(.##J###
....
#..).oS.#
.... #@#
...8 #5#
#_## #.#
##########
#.#
#.........
#.#
.....#######
###.# .....#
#... #...#
.....#
#.#.##.###
.##..#
#.#.#....###


You could see an ooze, an adder, 2 orcs and a friendly ufetubus (summoned).

Vanquished Creatures
  2 adders
  An ooze (D:1)
  A dart slug (D:2)
  2 leopard geckos (D:1)
  An orc (D:3)
  6 bats
  A giant cockroach (D:3)
  2 goblins
  4 hobgoblins (D:1)
  2 frilled lizards
  3 kobolds
  4 rats
29 creatures vanquished.

Vanquished Creatures (collateral kills)
  Natasha (D:2)
1 creature vanquished.

Grand Total: 30 creatures vanquished

Notes
Turn   | Place    | Note
-------+----------+-------------------------------------------
     0 | D:1      | Clowwww the Demonspawn Fighter began the quest for the Orb.
     0 | D:1      | Reached XP level 1. HP: 18/18 MP: 1/1
   207 | D:1      | Gained mutation: A weak demonic guardian rushes to your
                  | aid. [demonic ancestry]
   207 | D:1      | Reached XP level 2. HP: 24/24 MP: 2/2
   958 | D:2      | Reached XP level 3. HP: 27/29 MP: 3/3
  1059 | D:2      | Noticed Natasha
  1068 | D:2      | Killed Natasha
  1068 | D:2      | Reached skill level 1 in Dodging
  1903 | D:3      | Found a hazy altar of Hepliaklqana.
  1906 | D:3      | Found a sacrificial altar of Ru.
  1961 | D:3      | Gained mutation: You have large cloven feet. [demonic
                  | ancestry]
  1961 | D:3      | Reached XP level 4. HP: 32/35 MP: 4/4
  1962 | D:3      | Quit the game

Illustrated notes

Levels and vault maps discovered:
D:1:      mrwooster_arrival_statue_2, layout_rooms
D:2:      layout_loops_corners, minmay_cupped, uniq_crazy_yiuf_cottage,
          uniq_natasha
D:3:      layout_basic, nicolae_overflow_hidden_temple

Skill      XL: |  1  2  3 |
---------------+----------+-----
Axes           | 2 |  2.7
Armour         | 3 |  3.1
Dodging        | 1 |  1.3
Shields        | 3 |  3.0
Fighting       | |  3.2

Action                   |  1- 3 |  4- 6 || total
-------------------------+-------+-------++-------
Melee: War axe           |    97 |       ||    97
Throw: Javelin           |     1 |       ||     1
  Eat: Chunk             |     3 |       ||     3
Armor: Scale mail        |    63 |     1 ||    64
Dodge: Dodged            |    34 |       ||    34
Block: Kite shield       |    52 |     1 ||    53
